 Dungeon Crawl Stone Soup version 0.21.1-1-g345015f (webtiles) character file.

3040 microfolk the Reanimator (level 9, -3/40 HPs)
             Began as a Deep Elf Necromancer on Apr 23, 2018.
             Was an Elder of Hepliaklqana.
             Slain by a killer bee (7 damage)
             ... on level 8 of the Dungeon.
             The game lasted 00:50:17 (13177 turns).

microfolk the Reanimator (Deep Elf Necromancer)    Turns: 13177, Time: 00:50:17

Health: -3/40      AC:  3    Str:  5    XL:     9   Next: 56%
Magic:  29/29      EV: 16    Int: 24    God:    Hepliaklqana [****..]
Gold:   510        SH:  0    Dex: 15    Spells: 8/20 levels left

rFire    . . .     SeeInvis .   b - staff of air
rCold    . . .     Gourm    .   (no shield)
rNeg     . . .     Faith    .   e - +0 leather armour
rPois    .         Spirit   .   (no helmet)
rElec    +         Reflect  .   (no cloak)
rCorr    .         Harm     .   (no gloves)
MR       .....                  (no boots)
Stlth    ++........             w - amulet of magic regeneration
HPRegen  0.13/turn              C - ring of magical power
MPRegen  0.46/turn              D - ring of wizardry

@: no status effects
A: reduced essence
a: Recall Ancestor, Ancestor Identity, Transference, Idealise, Renounce Religion


You were on level 8 of the Dungeon.
You worshipped Hepliaklqana.
Hepliaklqana was greatly pleased with you.
You were very hungry.

You visited 2 branches of the dungeon, and saw 9 of its levels.
You also visited: Sewer.

You collected 510 gold pieces.

Inventory:

Hand Weapons
 a - a +1 shortbow
 m - a +0 hunting sling
 p - a +0 dagger
Missiles
 j - 134 stones (quivered)
 n - 97 arrows
 q - 32 sling bullets
 H - a throwing net
Armour
 e - a +0 leather armour (worn)
 f - a +0 pair of gloves
 v - a +0 robe
 F - a +0 pair of boots
 L - a +1 cloak
Magical Staves
 b - an uncursed staff of air (weapon)
Jewellery
 w - an amulet of magic regeneration (around neck)
 C - a ring of magical power (left hand)
 D - a ring of wizardry (right hand)
Wands
 u - a wand of flame (49)
 y - a wand of random effects (16)
 A - a wand of digging (8)
 N - a wand of clouds (4)
Scrolls
 d - a scroll of blinking {unknown}
 h - a scroll of remove curse
 i - 2 scrolls of enchant weapon
 l - a scroll of noise {unknown}
 o - a scroll of immolation {unknown}
 x - a scroll of random uselessness {unknown}
 E - a scroll of amnesia
 I - a scroll of torment
 J - a scroll of summoning {unknown}
 O - 3 scrolls of identify
Potions
 g - 2 potions of lignification
 r - 2 potions of resistance
 s - 2 potions of invisibility
 t - a potion of ambrosia
 G - a potion of agility
 K - a potion of might
 M - a potion of flight
 P - a potion of cancellation {unknown}
 Q - a potion of brilliance
Books
 z - a book of Misfortune

   Spells                             Type                      Level
   a - Confusing Touch                Hexes                        1
   b - Confuse                        Hexes                        3
   c - Gell's Gravitas                Translocation                3
   d - Petrify                        Transmutation/Earth          4
   e - Metabolic Englaciation         Hexes/Ice                    5
   f - Yara's Violent Unravelling     Hexes/Transmutation          5
 B - a book of Necromancy

   Spells                             Type                      Level
   a - Pain                           Necromancy                   1
   b - Animate Skeleton               Necromancy                   1
   c - Vampiric Draining              Necromancy                   3
   d - Regeneration                   Charms/Necromancy            3
   e - Animate Dead                   Necromancy                   4
   f - Borgnjor's Vile Clutch         Necromancy/Earth             5
Comestibles
 c - 2 rations


   Skills:
 + Level 7.9 Bows
 + Level 8.9 Dodging
 - Level 2.4 Stealth
 - Level 6.0 Spellcasting
 + Level 9.8 Necromancy
 + Level 2.4 Invocations


You had 8 spell levels left.
You knew the following spells:

 Your Spells              Type           Power        Failure   Level  Hunger
a - Pain                  Necr           ####         1%          1    None
b - Animate Skeleton      Necr           N/A          1%          1    None
c - Regeneration          Chrm/Necr      ####......   2%          3    #......
d - Vampiric Draining     Necr           ######....   1%          3    #......
e - Animate Dead          Necr           N/A          1%          4    ###....


Dungeon Overview and Level Annotations

Branches:
Dungeon (8/15)             Temple (1/1) D:6
   Lair: D:8-11

Altars:
Cheibriados
Dithmenos
Gozag
Hepliaklqana
Nemelex Xobeh
Sif Muna
Trog
Vehumet
Xom

Annotations:
D:3 exclusion: downstairs


Message History

The killer bee barely misses you. The killer bee stings you.
The killer bee closely misses you.
There is a stone staircase leading down here.
The killer bee stings you.
You are poisoned.
The killer bee poisons you!
You feel sick. The killer bee barely misses you.
You feel sick. The killer bee stings you.
* * * LOW HITPOINT WARNING * * *
The killer bee closely misses you.
You feel sick. The killer bee stings you.
* * * LOW HITPOINT WARNING * * *
You are more poisoned.
The killer bee poisons you!
You feel better. The killer bee stings you.
* * * LOW HITPOINT WARNING * * *
The killer bee stings you.
* * * LOW HITPOINT WARNING * * *
The killer bee stings you!
You die...

###### .....# .....#
.....###################
.....'.)..>...yy@......#
.....###.#############.#
.....# #.# #.# .[...#
#.# #.# .....# #.# #.###
.....# #.# #..<# ######
#.# ##### #.# #.#


You could see 2 killer bees.

Vanquished Creatures
  Duvessa (D:5)
  2 orc warriors
  An ogre (D:6)
  A phantom (D:7)
  3 bullfrogs
  2 killer bees (D:7)
  A wight (D:6)
  An electric eel (D:6)
  A crimson imp (D:8)
  3 hounds
  2 orc priests
  3 orc wizards
  A gnoll shaman (D:6)
  A bullfrog skeleton (D:7)
  Crazy Yiuf (D:6)
  Natasha (twice) (D:3)
  2 worker ants
  A howler monkey skeleton (D:7)
  6 river rats
  6 adders
  An ooze (D:3)
  3 worms (D:2)
  11 leopard geckos
  18 orcs
  7 giant cockroaches
  4 goblins
  5 hobgoblins
  5 jackals
  4 kobolds
  8 quokkas
  A ball python (D:1)
  3 bats
  4 frilled lizards
  19 rats
134 creatures vanquished.

Vanquished Creatures (collateral kills)
  Prince Ribbit (D:6)
  A hungry ghost (D:8)
  2 ice beasts
  2 sky beasts
  A centaur (D:8)
  Dowan (D:5)
  3 scorpions
  4 killer bees
  3 wights
  A crimson imp (D:8)
  A centaur skeleton (D:4)
  A hound (D:8)
  A bullfrog skeleton (D:5)
  Natasha (D:3)
  3 worker ants
  2 hound skeletons
  An adder (D:7)
  3 river rats (D:6)
  A shadow imp (D:6)
  2 adder zombies
  A leopard gecko (D:1)
  2 orcs
  3 giant cockroaches
  A goblin (D:1)
  A hobgoblin (D:3)
  3 jackals
  A quokka (D:8)
  2 leopard gecko skeletons (D:5)
  A rat (D:6)
50 creatures vanquished.

Vanquished Creatures (others)
  A killer bee (D:7)
  11 hexers
  2 ancestors (D:3)
14 creatures vanquished.

Grand Total: 198 creatures vanquished

Notes
Turn   | Place    | Note
-------+----------+-------------------------------------------
     0 | D:1      | microfolk the Deep Elf Necromancer began the quest for the Orb.
     0 | D:1      | Reached XP level 1. HP: 10/10 MP: 6/6
     2 | D:1      | Learned a level 1 spell: Animate Skeleton
   265 | D:1      | Reached skill level 5 in Necromancy
   399 | D:1      | Reached XP level 2. HP: 15/15 MP: 6/8
   696 | D:2      | Found a shadowy altar of Dithmenos.
   699 | D:2      | Found a deep blue altar of Sif Muna.
   701 | D:2      | Found a radiant altar of Vehumet.
   701 | D:2      | Found a hazy altar of Hepliaklqana.
   701 | D:2      | Found an opulent altar of Gozag.
   844 | D:2      | Became a worshipper of Hepliaklqana the Forgotten
   944 | D:2      | Reached XP level 3. HP: 8/17 MP: 1/10
  1237 | D:2      | Learned a level 3 spell: Regeneration
  1241 | D:2      | Learned a level 3 spell: Vampiric Draining
  1659 | D:2      | Found a bloodstained altar of Trog.
  1928 | D:2      | Reached * piety under Hepliaklqana
  2473 | D:3      | Noticed Natasha
  2483 | D:3      | Killed Natasha
  2483 | D:3      | Reached XP level 4. HP: 15/21 MP: 6/12
  2787 | D:3      | Noticed Natasha
  2794 | D:3      | Killed Natasha
  3135 | D:3      | Reached ** piety under Hepliaklqana
  3136 | D:3      | Remembered your ancestor Giddo as a hexer
  3276 | D:3      | Reached XP level 5. HP: 24/25 MP: 11/14
  3280 | D:3      | Found a sparkling altar of Nemelex Xobeh.
  3287 | D:3      | Learned a level 4 spell: Animate Dead
  3420 | D:3      | Noticed Natasha
  3427 | D:3      | Killed Natasha
  3427 | D:3      | Reached skill level 6 in Necromancy
  4020 | D:4      | Reached skill level 5 in Spellcasting
  4731 | D:4      | Reached XP level 6. HP: 14/28 MP: 10/16
  5284 | D:4      | Reached skill level 1 in Bows
  5469 | D:5      | Entered Level 5 of the Dungeon
  5549 | D:5      | Reached skill level 5 in Dodging
  5601 | D:5      | Reached *** piety under Hepliaklqana
  5690 | D:5      | Noticed Dowan
  5704 | D:5      | Killed Dowan
  5710 | D:5      | Noticed Duvessa
  5721 | D:5      | Found a glowing drain.
  5849 | D:5      | Killed Duvessa
  5849 | D:5      | Reached XP level 7. HP: 19/32 MP: 9/18
  5873 | Sewer    | Entered a sewer
  6457 | D:5      | Reached skill level 7 in Necromancy
  7413 | D:6      | Noticed Prince Ribbit
  7444 | D:6      | Killed Prince Ribbit
  7444 | D:6      | Reached skill level 5 in Bows
  7444 | D:6      | Reached XP level 8. HP: 20/36 MP: 16/19
  8532 | D:6      | Reached skill level 8 in Necromancy
 10173 | D:6      | Found a staircase to the Ecumenical Temple.
 10180 | Temple   | Entered the Ecumenical Temple
 10274 | D:6      | Found a runed door.
 10278 | D:6      | Noticed Crazy Yiuf
 10337 | D:6      | Killed Crazy Yiuf
 10819 | D:7      | Reached skill level 9 in Necromancy
 10819 | D:7      | Reached XP level 9. HP: 10/40 MP: 15/20
 11807 | D:7      | Found a snail-covered altar of Cheibriados.
 11992 | D:8      | Got a pair of ancient boots
 11998 | D:8      | Identified the cursed +0 pair of boots "Ipau" {-Cast rPois rN+} (You found it on level 8 of the Dungeon)
 12240 | D:8      | Noticed a two-headed ogre
 12313 | D:8      | Reached skill level 1 in Invocations
 12439 | D:8      | Reached **** piety under Hepliaklqana
 13177 | D:8      | Slain by a killer bee

Skill      XL: |  1  2  3  4  5  6  7  8  9 |
---------------+----------------------------+-----
Necromancy     | 5 6 7 9 |  9.8
Dodging        | 3 4 5 6 7 8 |  8.9
Spellcasting   | 4 5 6 |  6.0
Bows           | 2 5 6 7 |  7.9
Invocations    | 2 |  2.4
Stealth        | |  2.4

Action                   |  1- 3 |  4- 6 |  7- 9 || total
-------------------------+-------+-------+-------++-------
Melee: Unarmed           |       |     9 |       ||     9
       Staff             |       |       |    43 ||    43
       Shortbow          |       |       |     2 ||     2
 Fire: Shortbow          |       |       |   169 ||   169
Throw: Stone             |     1 |       |     1 ||     2
 Cast: Pain              |    66 |    81 |   183 ||   330
       Animate Skeleton  |    14 |    11 |    11 ||    36
       Animate Dead      |       |     2 |    10 ||    12
Invok: Ancestor Identity |     1 |       |       ||     1
       Recall Ancestor   |     1 |       |     6 ||     7
       Ancestor Life: He |       |     1 |       ||     1
Evoke: Wand              |       |     2 |       ||     2
  Use: Scroll            |     5 |     4 |    10 ||    19
       Potion            |       |       |    10 ||    10
 Stab: Confused          |       |     1 |       ||     1
       Distracted        |       |       |     1 ||     1
  Eat: Chunk             |     4 |     7 |     9 ||    20
       Ration            |       |     1 |     4 ||     5
Armor: Leather armour    |     3 |     6 |    29 ||    38
       Skin              |       |       |    56 ||    56
Dodge: Dodged            |     5 |    35 |   148 ||   188
